[ AOE2 MATCH · #483889137 ]
UnrankedJurchens vs Bulgarians
[ REPLAY ANALYSIS · EXTRACTED FROM THE RECORDED GAME ]
Feudal
10:23
Castle
—
Imperial
—
| APM avg | 38.4 |
| APM peak | 97 |
| eAPM avg | 15.2 |
| Villagers / military | 58 / 17 |
Focus
⚔️ 21.5% · 🌾 78.5%
Scout Cavalry ×17
Feudal
12:21
Castle
—
Imperial
—
| APM avg | 34.4 |
| APM peak | 73 |
| eAPM avg | 14.8 |
| Villagers / military | 47 / 0 |
Focus
⚔️ 25.8% · 🌾 74.2%
Feudal
9:36
Castle
21:53
Imperial
—
| APM avg | 50.5 |
| APM peak | 79 |
| eAPM avg | 23.6 |
| Villagers / military | 40 / 21 |
Focus
⚔️ 37.3% · 🌾 62.7%
Archer ×21
Feudal
8:51
Castle
—
Imperial
—
| APM avg | 53.6 |
| APM peak | 102 |
| eAPM avg | 28.0 |
| Villagers / military | 55 / 32 |
Focus
⚔️ 22.8% · 🌾 77.2%
Scout Cavalry ×32
Feudal
10:06
Castle
17:22
Imperial
—
| APM avg | 27.4 |
| APM peak | 66 |
| eAPM avg | 13.7 |
| Villagers / military | 65 / 21 |
Focus
⚔️ 25.6% · 🌾 74.4%
Archer ×17 · Spearman ×4
Feudal
9:47
Castle
—
Imperial
—
| APM avg | 28.5 |
| APM peak | 50 |
| eAPM avg | 17.4 |
| Villagers / military | 47 / 19 |
Focus
⚔️ 23.5% · 🌾 76.5%
Scout Cavalry ×16 · Spearman ×3
Feudal
9:15
Castle
—
Imperial
—
| APM avg | 39.5 |
| APM peak | 70 |
| eAPM avg | 19.1 |
| Villagers / military | 54 / 50 |
Focus
⚔️ 36.5% · 🌾 63.5%
Archer ×50
Feudal
9:02
Castle
—
Imperial
—
| APM avg | 36.5 |
| APM peak | 81 |
| eAPM avg | 17.4 |
| Villagers / military | 57 / 9 |
Focus
⚔️ 27.0% · 🌾 73.0%
Archer ×5 · Skirmisher ×3 · Spearman ×1
Match map
Initial resources + every placement click. Lines = walls · curves = elevation contours. ◆ gold · ⬟ stone · ● berries · ✦ relic · ◌ wall gap
Your base· ✓ Closed at 22:09 · 21t walls · 2 gate(s)
mode maelle's base· ✓ Closed at 19:49 · 117t walls · fragile
TomRiddle's base· ✓ Closed at 21:53 · 41t walls · 1 gate(s)
Patching85's base· Open — unwalled flank
只会种田's base· Open — unwalled flank
titumir's base· Open — unwalled flank
洛莉's base· ✓ Closed at 21:06 · 0t walls · fragile
AI(CD version)'s base· Open — unwalled flank
Smoothed initial terrain · ◌ = detected wall gap · hover for details
Inputs per minute
— Gladiator - - mode maelle
Build order — Gladiator
126 actions detected in the replay
| 0:01 | Create | Villager (Male) ×4 |
| 0:01 | Create | Villager (Male) ×4 |
| 0:02 | Build | House |
| 0:03 | Build | House |
| 1:26 | Create | Villager (Male) |
| 1:27 | Create | Villager (Male) |
| 1:33 | Create | Villager (Male) |
| 1:45 | Build | Lumber Camp |
| 1:54 | Build | Lumber Camp |
| 2:10 | Create | Villager (Male) |
| 2:10 | Create | Villager (Male) |
| 2:30 | Create | Villager (Male) |
| 2:56 | Create | Villager (Male) |
| 2:56 | Create | Villager (Male) |
| 3:19 | Create | Villager (Male) |
| 3:24 | Build | House |
| 3:53 | Create | Villager (Male) |
| 3:53 | Create | Villager (Male) |
| 4:12 | Create | Villager (Male) |
| 4:12 | Create | Villager (Male) |
| 4:42 | Create | Villager (Male) |
| 4:42 | Create | Villager (Male) |
| 5:42 | Create | Villager (Male) |
| 5:42 | Create | Villager (Male) |
| 5:53 | Build | House |
| 5:57 | Create | Villager (Male) |
| 5:57 | Create | Villager (Male) |
| 6:26 | Build | House |
| 6:32 | Create | Villager (Male) |
| 6:35 | Build | Mill |
| 6:38 | Create | Villager (Male) |
| 7:14 | Build | Barracks |
| 7:16 | Create | Villager (Male) |
| 7:20 | Research | Loom |
| 7:41 | Research | Feudal Age |
| 7:42 | Research | Feudal Age |
| 7:52 | Build | Palisade Gate |
| 8:36 | Build | House |
| 8:37 | Build | Palisade Wall |
| 9:19 | Create | Villager (Male) |
| 9:34 | Build | House |
| 9:49 | Create | Villager (Male) |
| 10:09 | Create | Villager (Male) |
| 10:23 | Age | Feudal Age |
| 10:29 | Build | Stable |
| 10:31 | Build | Palisade Wall |
| 10:41 | Build | Stable |
| 10:43 | Create | Villager (Male) |
| 10:55 | Build | Farm |
| 10:57 | Build | Farm |
| 11:18 | Create | Villager (Male) |
| 11:26 | Build | Palisade Wall |
| 11:31 | Build | Palisade Gate |
| 11:32 | Create | Scout Cavalry ×4 |
| 11:41 | Create | Scout Cavalry |
| 11:41 | Create | Scout Cavalry |
| 11:41 | Create | Scout Cavalry |
| 11:47 | Create | Villager (Male) |
| 11:50 | Build | Farm |
| 11:51 | Build | Farm |
| 12:09 | Build | House |
| 12:14 | Build | House |
| 12:16 | Build | Palisade Wall |
| 12:25 | Create | Scout Cavalry |
| 12:26 | Create | Villager (Male) |
| 12:45 | Create | Scout Cavalry |
| 13:02 | Create | Scout Cavalry |
| 13:19 | Create | Villager (Male) |
| 13:26 | Build | Blacksmith |
| 13:31 | Create | Villager (Male) |
| 13:35 | Build | Farm |
| 13:45 | Build | Farm |
| 13:54 | Create | Villager (Male) |
| 13:55 | Create | Scout Cavalry |
| 13:56 | Create | Scout Cavalry |
| 14:04 | Create | Scout Cavalry |
| 14:11 | Create | Villager (Male) |
| 14:32 | Create | Villager (Male) |
| 14:35 | Build | Farm |
| 14:36 | Build | Farm |
| 14:36 | Build | Farm |
| 14:36 | Build | Farm |
| 14:51 | Research | Forging |
| 15:11 | Build | Farm |
| 15:13 | Create | Villager (Male) |
| 15:13 | Create | Villager (Male) |
| 15:14 | Create | Villager (Male) |
| 15:43 | Create | Scout Cavalry |
| 15:43 | Create | Villager (Male) |
| 15:47 | Build | House |
| 15:52 | Build | Farm |
| 15:54 | Create | Villager (Male) |
| 16:11 | Create | Scout Cavalry |
| 16:14 | Create | Villager (Male) |
| 16:16 | Research | Horse Collar |
| 16:35 | Create | Villager (Male) |
| 16:39 | Build | House |
| 16:43 | Build | House |
| 16:53 | Create | Scout Cavalry |
| 16:54 | Create | Villager (Male) |
| 17:13 | Build | Farm |
| 17:13 | Build | Farm |
| 17:13 | Build | Farm |
| 17:13 | Build | Farm |
| 17:21 | Build | Farm |
| 17:24 | Create | Villager (Male) |
| 17:37 | Research | Wheelbarrow |
| 18:57 | Create | Villager (Male) |
| 19:00 | Build | Mining Camp |
| 19:05 | Build | Farm |
| 19:05 | Build | Farm |
| 19:06 | Build | Farm |
| 19:06 | Build | Farm |
| 19:09 | Create | Villager (Male) |
| 19:30 | Create | Villager (Male) |
| 19:40 | Create | Scout Cavalry |
| 19:58 | Research | Scale Barding Armor |
| 20:02 | Create | Villager (Male) |
| 20:27 | Build | Farm |
| 20:27 | Build | Farm |
| 20:31 | Create | Villager (Male) |
| 21:19 | Create | Villager (Male) |
| 21:19 | Create | Villager (Male) |
| 21:43 | Build | Market |
| 21:55 | Build | Stable |
| 22:09 | Research | Castle Age |
Build order — mode maelle
93 actions detected in the replay
| 0:02 | Build | House |
| 0:05 | Build | House |
| 0:05 | Create | Villager (Male) ×4 |
| 1:29 | Create | Villager (Male) |
| 1:29 | Create | Villager (Male) |
| 2:01 | Build | Lumber Camp |
| 2:01 | Create | Villager (Male) |
| 2:01 | Create | Villager (Male) |
| 2:16 | Create | Villager (Male) |
| 2:51 | Create | Villager (Male) |
| 2:51 | Create | Villager (Male) |
| 3:10 | Create | Villager (Male) |
| 3:11 | Create | Villager (Male) |
| 3:43 | Create | Villager (Male) |
| 3:43 | Create | Villager (Male) |
| 3:50 | Build | House |
| 4:20 | Create | Villager (Male) |
| 4:20 | Create | Villager (Male) |
| 4:32 | Build | Mill |
| 4:48 | Research | Loom |
| 4:48 | Research | Loom |
| 5:36 | Create | Villager (Male) |
| 5:37 | Create | Villager (Male) |
| 5:37 | Create | Villager (Male) |
| 5:59 | Create | Villager (Male) |
| 6:00 | Create | Villager (Male) |
| 6:20 | Build | Palisade Wall |
| 7:21 | Create | Villager (Male) |
| 7:27 | Create | Villager (Male) |
| 7:56 | Build | House |
| 8:10 | Create | Villager (Male) |
| 8:10 | Create | Villager (Male) |
| 8:19 | Build | Palisade Wall |
| 8:24 | Create | Villager (Male) |
| 8:25 | Create | Villager (Male) |
| 8:39 | Build | Palisade Wall |
| 8:59 | Create | Villager (Male) |
| 9:24 | Build | Palisade Wall |
| 9:44 | Build | Palisade Wall |
| 9:52 | Research | Feudal Age |
| 10:15 | Build | Palisade Wall |
| 10:40 | Build | Palisade Wall |
| 10:47 | Build | Palisade Wall |
| 12:02 | Create | Villager (Male) |
| 12:02 | Create | Villager (Male) |
| 12:08 | Build | Farm |
| 12:08 | Build | Farm |
| 12:09 | Build | Farm |
| 12:10 | Build | Farm |
| 12:21 | Age | Feudal Age |
| 12:40 | Build | Palisade Wall |
| 12:42 | Build | Palisade Wall |
| 12:51 | Build | Palisade Wall |
| 13:18 | Build | Blacksmith |
| 13:22 | Create | Villager (Male) |
| 13:22 | Create | Villager (Male) |
| 13:23 | Create | Villager (Male) |
| 13:23 | Create | Villager (Male) |
| 13:28 | Build | House |
| 13:34 | Build | House |
| 13:37 | Build | House |
| 13:40 | Build | House |
| 13:47 | Build | Stone Wall |
| 13:53 | Build | Stone Wall |
| 13:55 | Build | Stone Wall |
| 13:58 | Build | Stone Wall |
| 14:17 | Build | Stone Wall |
| 14:27 | Create | Villager (Male) ×5 |
| 14:31 | Build | Mining Camp |
| 14:42 | Build | Watch Tower |
| 15:01 | Research | Double-Bit Axe |
| 15:01 | Research | Double-Bit Axe |
| 15:11 | Create | Villager (Male) |
| 15:40 | Build | Mining Camp |
| 15:51 | Create | Villager (Male) |
| 16:23 | Build | House |
| 16:25 | Build | House |
| 16:27 | Build | House |
| 16:33 | Create | Villager (Male) |
| 16:52 | Build | House |
| 17:09 | Build | Market |
| 17:18 | Create | Villager (Male) |
| 17:45 | Build | Watch Tower |
| 18:57 | Build | Farm |
| 18:59 | Build | Farm |
| 19:49 | Research | Castle Age |
| 20:08 | Build | Mining Camp |
| 20:35 | Build | Watch Tower |
| 21:31 | Research | Stone Mining |
| 21:34 | Create | Villager (Male) |
| 21:35 | Create | Villager (Male) |
| 21:35 | Create | Villager (Male) |
| 22:05 | Build | Lumber Camp |
Build order — TomRiddle
124 actions detected in the replay
| 0:00 | Create | Villager (Male) |
| 0:01 | Create | Villager (Male) |
| 0:02 | Build | House |
| 0:03 | Build | House |
| 0:17 | Create | Villager (Male) |
| 0:17 | Create | Villager (Male) |
| 1:28 | Create | Villager (Male) |
| 2:14 | Create | Villager (Male) |
| 2:14 | Create | Villager (Male) |
| 2:22 | Build | Lumber Camp |
| 2:28 | Create | Villager (Male) |
| 2:52 | Create | Villager (Male) |
| 3:06 | Create | Villager (Male) |
| 3:06 | Create | Villager (Male) |
| 3:36 | Build | House |
| 3:42 | Create | Villager (Male) |
| 4:05 | Create | Villager (Male) |
| 4:10 | Build | House |
| 4:13 | Build | House |
| 4:29 | Create | Villager (Male) |
| 5:14 | Create | Villager (Male) |
| 5:15 | Build | House |
| 5:33 | Build | Mining Camp |
| 5:40 | Create | Villager (Male) |
| 5:59 | Create | Villager (Male) |
| 6:14 | Research | Loom |
| 6:25 | Build | Palisade Wall |
| 6:26 | Build | Palisade Wall |
| 6:28 | Build | Palisade Wall |
| 6:33 | Create | Villager (Male) |
| 7:26 | Research | Feudal Age |
| 8:32 | Build | Barracks |
| 9:25 | Create | Villager (Male) |
| 9:28 | Build | Mill |
| 9:36 | Age | Feudal Age |
| 9:48 | Create | Villager (Male) |
| 10:03 | Create | Villager (Male) |
| 10:19 | Build | House |
| 10:24 | Build | Archery Range |
| 10:36 | Build | Archery Range |
| 10:45 | Create | Villager (Male) |
| 11:10 | Create | Villager (Male) |
| 11:14 | Create | Archer |
| 11:28 | Build | Mill |
| 11:31 | Build | House |
| 11:36 | Create | Villager (Male) |
| 11:46 | Create | Villager (Male) |
| 11:47 | Create | Archer |
| 12:01 | Build | Palisade Wall |
| 12:11 | Build | Palisade Wall |
| 12:12 | Build | Palisade Wall |
| 12:14 | Create | Villager (Male) |
| 12:18 | Create | Archer |
| 12:30 | Build | Palisade Gate |
| 12:33 | Create | Villager (Male) |
| 12:34 | Create | Archer |
| 12:48 | Create | Archer |
| 12:49 | Create | Villager (Male) |
| 12:59 | Create | Villager (Male) |
| 13:05 | Build | Palisade Wall |
| 13:10 | Create | Archer |
| 13:14 | Build | House |
| 13:32 | Create | Villager (Male) |
| 13:32 | Create | Archer |
| 14:00 | Build | Blacksmith |
| 14:24 | Create | Villager (Male) |
| 14:31 | Build | Farm |
| 14:32 | Build | Farm |
| 14:33 | Create | Villager (Male) |
| 14:34 | Create | Archer |
| 14:35 | Create | Archer |
| 14:41 | Research | Fletching |
| 15:08 | Build | Farm |
| 15:08 | Create | Archer |
| 15:25 | Build | House |
| 15:39 | Build | House |
| 15:50 | Build | House |
| 15:52 | Build | House |
| 16:04 | Create | Villager (Male) |
| 16:04 | Create | Archer |
| 16:04 | Create | Archer |
| 16:06 | Build | Farm |
| 16:07 | Build | Farm |
| 16:24 | Build | House |
| 16:25 | Create | Villager (Male) |
| 16:31 | Build | Farm |
| 16:50 | Create | Villager (Male) |
| 16:51 | Create | Archer |
| 17:06 | Build | House |
| 17:17 | Research | Double-Bit Axe |
| 17:17 | Research | Double-Bit Axe |
| 17:18 | Create | Villager (Male) |
| 17:18 | Create | Archer |
| 17:40 | Create | Villager (Male) |
| 17:41 | Create | Archer |
| 17:48 | Build | Palisade Wall |
| 17:51 | Build | Palisade Wall |
| 17:53 | Build | Palisade Wall |
| 18:08 | Create | Villager (Male) |
| 18:13 | Build | Market |
| 18:45 | Create | Villager (Male) |
| 19:00 | Build | Farm |
| 19:00 | Build | Farm |
| 19:13 | Research | Castle Age |
| 19:38 | Create | Archer |
| 19:38 | Create | Archer |
| 20:12 | Build | Archery Range |
| 20:24 | Research | Padded Archer Armor |
| 20:24 | Research | Padded Archer Armor |
| 20:28 | Create | Archer |
| 20:28 | Create | Archer |
| 20:35 | Research | Gold Mining |
| 20:35 | Research | Gold Mining |
| 20:36 | Research | Horse Collar |
| 20:37 | Research | Horse Collar |
| 20:56 | Build | Farm |
| 20:57 | Build | Farm |
| 21:03 | Create | Archer |
| 21:35 | Create | Villager (Male) |
| 21:40 | Create | Archer |
| 21:53 | Age | Castle Age |
| 21:55 | Research | Crossbowman (upgrade) |
| 21:56 | Research | Crossbowman (upgrade) |
| 22:05 | Research | Bodkin Arrow |
Build order — Patching85
First 150 of 156 actions detected
| 0:01 | Create | Villager (Male) |
| 0:02 | Build | House |
| 0:03 | Build | House |
| 0:05 | Create | Villager (Male) |
| 0:09 | Create | Villager (Male) |
| 0:09 | Create | Villager (Male) |
| 1:24 | Create | Villager (Male) |
| 1:24 | Create | Villager (Male) |
| 1:47 | Build | Mill |
| 1:59 | Create | Villager (Male) |
| 1:59 | Create | Villager (Male) |
| 2:25 | Create | Villager (Male) |
| 2:25 | Create | Villager (Male) |
| 2:48 | Create | Villager (Male) |
| 2:48 | Create | Villager (Male) |
| 2:48 | Create | Villager (Male) |
| 3:04 | Create | Villager (Male) |
| 3:05 | Create | Villager (Male) |
| 3:25 | Create | Villager (Male) |
| 3:39 | Build | House |
| 3:53 | Create | Villager (Male) |
| 3:53 | Create | Villager (Male) |
| 3:54 | Create | Villager (Male) |
| 4:11 | Create | Villager (Male) |
| 4:46 | Create | Villager (Male) |
| 4:50 | Create | Villager (Male) |
| 4:50 | Create | Villager (Male) |
| 4:51 | Create | Villager (Male) |
| 4:51 | Create | Villager (Male) |
| 4:52 | Build | Lumber Camp |
| 5:25 | Create | Villager (Male) |
| 5:41 | Research | Loom |
| 6:32 | Research | Feudal Age |
| 6:33 | Research | Feudal Age |
| 6:33 | Research | Feudal Age |
| 7:25 | Build | House |
| 7:40 | Build | Palisade Wall |
| 7:42 | Build | Palisade Wall |
| 7:45 | Build | Palisade Wall |
| 7:46 | Build | Palisade Wall |
| 8:05 | Build | Barracks |
| 8:18 | Create | Villager (Male) |
| 8:51 | Age | Feudal Age |
| 9:04 | Create | Villager (Male) |
| 9:10 | Build | Stable |
| 9:35 | Create | Villager (Male) |
| 9:36 | Research | Double-Bit Axe |
| 9:53 | Create | Scout Cavalry |
| 9:54 | Create | Scout Cavalry |
| 9:54 | Create | Villager (Male) |
| 10:12 | Build | Mill |
| 10:14 | Create | Villager (Male) |
| 10:21 | Build | Farm |
| 10:32 | Create | Scout Cavalry |
| 10:39 | Build | House |
| 10:40 | Build | House |
| 10:48 | Build | Farm |
| 10:55 | Create | Villager (Male) |
| 10:55 | Create | Villager (Male) |
| 11:23 | Build | Farm |
| 11:25 | Create | Villager (Male) |
| 11:39 | Create | Scout Cavalry |
| 11:51 | Create | Villager (Male) |
| 11:53 | Build | Farm |
| 11:55 | Build | Farm |
| 12:14 | Create | Villager (Male) |
| 12:23 | Create | Scout Cavalry |
| 12:27 | Build | Farm |
| 12:28 | Build | Farm |
| 12:31 | Build | Farm |
| 12:41 | Create | Scout Cavalry |
| 12:41 | Create | Villager (Male) |
| 12:47 | Create | Villager (Male) |
| 12:51 | Build | Farm |
| 13:06 | Create | Villager (Male) |
| 13:11 | Create | Villager (Male) |
| 13:17 | Build | Farm |
| 13:25 | Build | Farm |
| 13:34 | Build | Farm |
| 13:36 | Create | Scout Cavalry |
| 13:48 | Build | Farm |
| 13:50 | Create | Villager (Male) |
| 14:07 | Build | House |
| 14:07 | Build | House |
| 14:09 | Create | Scout Cavalry |
| 14:21 | Build | Farm |
| 14:23 | Build | Farm |
| 14:47 | Create | Scout Cavalry |
| 14:48 | Create | Villager (Male) |
| 14:58 | Build | Farm |
| 15:02 | Build | Farm |
| 15:11 | Research | Wheelbarrow |
| 15:11 | Research | Wheelbarrow |
| 15:28 | Create | Scout Cavalry |
| 15:38 | Create | Villager (Male) |
| 15:43 | Build | Blacksmith |
| 15:47 | Build | House |
| 16:18 | Research | Bloodlines |
| 16:30 | Research | Forging |
| 16:35 | Build | Farm |
| 16:42 | Create | Villager (Male) |
| 16:54 | Build | Stable |
| 17:03 | Create | Scout Cavalry |
| 17:06 | Create | Villager (Male) |
| 17:29 | Research | Scale Barding Armor |
| 17:30 | Create | Villager (Male) |
| 17:34 | Build | Farm |
| 17:37 | Create | Scout Cavalry |
| 17:46 | Create | Villager (Male) |
| 17:50 | Build | Farm |
| 17:51 | Build | Farm |
| 17:58 | Create | Scout Cavalry |
| 18:07 | Create | Scout Cavalry |
| 18:07 | Create | Scout Cavalry |
| 18:07 | Create | Scout Cavalry |
| 18:14 | Build | Farm |
| 18:16 | Build | Farm |
| 18:26 | Create | Scout Cavalry |
| 18:27 | Create | Scout Cavalry |
| 18:31 | Create | Villager (Male) |
| 18:39 | Create | Scout Cavalry |
| 18:39 | Create | Scout Cavalry |
| 18:43 | Build | Farm |
| 18:47 | Create | Scout Cavalry |
| 18:47 | Create | Scout Cavalry |
| 18:56 | Create | Villager (Male) |
| 19:01 | Build | House |
| 19:03 | Build | House |
| 19:04 | Build | House |
| 19:10 | Create | Scout Cavalry |
| 19:13 | Create | Scout Cavalry |
| 19:19 | Build | Farm |
| 19:23 | Create | Scout Cavalry |
| 19:38 | Create | Scout Cavalry |
| 19:44 | Build | Farm |
| 19:44 | Create | Villager (Male) |
| 19:46 | Build | Mining Camp |
| 19:57 | Create | Scout Cavalry |
| 19:57 | Create | Scout Cavalry |
| 19:59 | Create | Villager (Male) |
| 20:30 | Build | Farm |
| 20:31 | Build | Farm |
| 20:32 | Build | Farm |
| 20:33 | Create | Scout Cavalry |
| 20:36 | Create | Villager (Male) |
| 20:42 | Build | Farm |
| 20:51 | Create | Scout Cavalry |
| 20:53 | Create | Villager (Male) |
| 21:11 | Build | House |
| 21:16 | Create | Scout Cavalry |
Build order — 只会种田
146 actions detected in the replay
| 0:01 | Create | Villager (Male) |
| 0:02 | Create | Villager (Male) |
| 0:03 | Build | House |
| 0:05 | Build | House |
| 0:10 | Create | Villager (Male) |
| 0:10 | Create | Villager (Male) |
| 0:10 | Create | Villager (Male) |
| 1:26 | Create | Villager (Male) |
| 1:26 | Create | Villager (Male) |
| 2:00 | Create | Villager (Male) |
| 2:00 | Create | Villager (Male) |
| 2:18 | Build | Lumber Camp |
| 2:21 | Create | Villager (Male) |
| 2:21 | Create | Villager (Male) |
| 2:47 | Create | Villager (Male) |
| 2:47 | Create | Villager (Male) |
| 3:01 | Create | Villager (Male) |
| 3:02 | Create | Villager (Male) |
| 3:26 | Build | House |
| 3:28 | Build | House |
| 3:41 | Create | Villager (Male) |
| 3:41 | Create | Villager (Male) |
| 4:10 | Create | Villager (Male) |
| 4:11 | Create | Villager (Male) |
| 4:33 | Create | Villager (Male) |
| 4:33 | Create | Villager (Male) |
| 4:52 | Create | Villager (Male) |
| 4:54 | Create | Villager (Male) |
| 4:55 | Create | Villager (Male) |
| 4:55 | Create | Villager (Male) |
| 5:15 | Build | Mill |
| 5:45 | Create | Villager (Male) |
| 5:45 | Create | Villager (Male) |
| 5:45 | Create | Villager (Male) |
| 5:46 | Create | Villager (Male) |
| 5:46 | Create | Villager (Male) |
| 6:15 | Create | Villager (Male) |
| 6:15 | Create | Villager (Male) |
| 6:27 | Create | Villager (Male) |
| 6:49 | Create | Villager (Male) |
| 7:02 | Create | Villager (Male) |
| 7:16 | Build | Mining Camp |
| 7:31 | Create | Villager (Male) |
| 7:54 | Research | Feudal Age |
| 7:54 | Research | Feudal Age |
| 8:51 | Build | Mill |
| 9:24 | Create | Villager (Male) |
| 9:24 | Create | Villager (Male) |
| 9:29 | Build | House |
| 9:31 | Build | House |
| 9:52 | Create | Villager (Male) |
| 10:05 | Create | Villager (Male) |
| 10:06 | Age | Feudal Age |
| 10:10 | Build | Farm |
| 10:12 | Create | Villager (Male) |
| 10:21 | Build | Market |
| 10:41 | Build | Blacksmith |
| 10:49 | Research | Horse Collar |
| 10:50 | Research | Horse Collar |
| 11:09 | Research | Double-Bit Axe |
| 11:10 | Research | Double-Bit Axe |
| 11:36 | Build | Farm |
| 11:47 | Build | Farm |
| 11:55 | Build | House |
| 11:56 | Build | House |
| 11:57 | Build | House |
| 12:02 | Create | Villager (Male) |
| 12:21 | Create | Villager (Male) |
| 12:22 | Build | Farm |
| 12:32 | Build | Farm |
| 12:35 | Create | Villager (Male) |
| 12:51 | Create | Villager (Male) |
| 12:55 | Build | Farm |
| 13:27 | Build | Farm |
| 13:33 | Build | Farm |
| 13:42 | Create | Villager (Male) |
| 13:43 | Create | Villager (Male) |
| 13:56 | Build | Farm |
| 14:01 | Create | Villager (Male) |
| 14:07 | Build | Farm |
| 14:17 | Build | Farm |
| 14:25 | Research | Castle Age |
| 14:26 | Research | Castle Age |
| 15:04 | Build | Barracks |
| 15:54 | Build | Archery Range |
| 16:08 | Research | Fletching |
| 16:08 | Research | Fletching |
| 16:13 | Research | Gold Mining |
| 16:13 | Research | Gold Mining |
| 16:17 | Create | Villager (Male) |
| 16:18 | Create | Villager (Male) |
| 16:47 | Create | Archer |
| 16:59 | Build | Archery Range |
| 17:05 | Create | Archer |
| 17:07 | Research | Padded Archer Armor |
| 17:08 | Research | Padded Archer Armor |
| 17:22 | Age | Castle Age |
| 17:28 | Research | Crossbowman (upgrade) |
| 17:29 | Create | Archer |
| 17:39 | Create | Villager (Male) |
| 17:53 | Create | Archer |
| 17:56 | Build | House |
| 17:57 | Build | House |
| 17:58 | Build | House |
| 18:02 | Research | Bodkin Arrow |
| 18:02 | Research | Bodkin Arrow |
| 18:04 | Create | Villager (Male) |
| 18:11 | Build | University |
| 18:15 | Build | House |
| 18:16 | Create | Archer |
| 18:27 | Create | Villager (Male) |
| 18:45 | Create | Villager (Male) |
| 18:46 | Create | Villager (Male) |
| 18:50 | Build | Lumber Camp |
| 18:58 | Create | Archer |
| 19:09 | Create | Archer |
| 19:13 | Create | Archer |
| 19:19 | Create | Archer |
| 19:23 | Create | Archer |
| 19:27 | Create | Archer |
| 19:29 | Create | Villager (Male) |
| 19:31 | Create | Villager (Male) |
| 19:56 | Create | Villager (Male) |
| 20:02 | Build | House |
| 20:08 | Create | Villager (Male) |
| 20:35 | Create | Archer |
| 20:36 | Create | Spearman |
| 20:36 | Create | Spearman |
| 20:38 | Create | Villager (Male) |
| 20:41 | Research | Ballistics |
| 20:43 | Build | House |
| 20:50 | Create | Spearman |
| 20:57 | Create | Villager (Male) |
| 21:02 | Build | Town Center |
| 21:20 | Create | Spearman |
| 21:31 | Create | Archer |
| 21:32 | Create | Archer |
| 21:39 | Create | Archer |
| 21:40 | Create | Villager (Male) |
| 21:41 | Create | Villager (Male) |
| 21:43 | Create | Villager (Male) |
| 21:47 | Research | Bow Saw |
| 21:47 | Research | Bow Saw |
| 22:07 | Create | Archer |
| 22:19 | Create | Archer |
| 22:20 | Create | Villager (Male) |
Build order — titumir
121 actions detected in the replay
| 0:04 | Research | Loom |
| 0:54 | Create | Villager (Male) |
| 0:54 | Create | Villager (Male) |
| 1:36 | Create | Villager (Male) |
| 1:37 | Create | Villager (Male) |
| 2:02 | Create | Villager (Male) |
| 2:30 | Create | Villager (Male) |
| 2:30 | Create | Villager (Male) |
| 2:31 | Create | Villager (Male) |
| 2:33 | Build | Lumber Camp |
| 3:12 | Create | Villager (Male) |
| 3:12 | Create | Villager (Male) |
| 3:37 | Create | Villager (Male) |
| 3:48 | Build | House |
| 4:08 | Create | Villager (Male) |
| 4:10 | Create | Villager (Male) |
| 4:11 | Create | Villager (Male) |
| 4:52 | Build | Mill |
| 5:04 | Create | Villager (Male) |
| 5:05 | Create | Villager (Male) |
| 5:05 | Create | Villager (Male) |
| 5:06 | Create | Villager (Male) |
| 5:16 | Build | House |
| 6:09 | Create | Villager (Male) |
| 6:40 | Create | Villager (Male) |
| 6:40 | Create | Villager (Male) |
| 7:00 | Create | Villager (Male) |
| 7:37 | Research | Feudal Age |
| 7:37 | Research | Feudal Age |
| 7:38 | Research | Feudal Age |
| 8:06 | Build | Barracks |
| 9:26 | Build | House |
| 9:34 | Create | Villager (Male) |
| 9:47 | Age | Feudal Age |
| 9:56 | Build | Stable |
| 10:07 | Create | Villager (Male) |
| 10:31 | Build | House |
| 10:34 | Create | Villager (Male) |
| 10:37 | Build | Farm |
| 10:37 | Build | Farm |
| 10:37 | Build | Farm |
| 10:41 | Build | Farm |
| 10:41 | Build | Farm |
| 10:44 | Build | Farm |
| 10:47 | Create | Scout Cavalry |
| 10:49 | Create | Villager (Male) |
| 11:00 | Build | Mill |
| 11:10 | Create | Villager (Male) |
| 11:19 | Create | Scout Cavalry |
| 11:23 | Research | Double-Bit Axe |
| 11:39 | Create | Villager (Male) |
| 11:56 | Build | House |
| 12:05 | Create | Scout Cavalry |
| 12:20 | Create | Villager (Male) |
| 12:40 | Create | Scout Cavalry |
| 12:41 | Create | Villager (Male) |
| 12:50 | Build | Farm |
| 12:51 | Build | Farm |
| 13:06 | Build | Farm |
| 13:09 | Create | Scout Cavalry |
| 13:26 | Create | Villager (Male) |
| 13:39 | Create | Scout Cavalry |
| 13:45 | Build | Farm |
| 13:49 | Build | Farm |
| 14:02 | Create | Villager (Male) |
| 14:23 | Create | Scout Cavalry |
| 14:24 | Create | Villager (Male) |
| 14:30 | Build | Stable |
| 14:37 | Create | Scout Cavalry |
| 14:41 | Create | Villager (Male) |
| 14:45 | Build | Farm |
| 14:55 | Create | Scout Cavalry |
| 15:02 | Build | House |
| 15:11 | Build | Farm |
| 15:21 | Research | Bloodlines |
| 15:35 | Create | Villager (Male) |
| 15:46 | Create | Scout Cavalry |
| 15:50 | Build | Blacksmith |
| 16:32 | Create | Villager (Male) |
| 16:41 | Build | Mining Camp |
| 16:47 | Research | Scale Barding Armor |
| 16:52 | Create | Scout Cavalry |
| 16:53 | Create | Villager (Male) |
| 17:04 | Build | Farm |
| 17:05 | Build | Farm |
| 17:07 | Build | Farm |
| 17:10 | Build | Farm |
| 17:19 | Create | Scout Cavalry |
| 17:25 | Build | House |
| 17:33 | Create | Villager (Male) |
| 17:50 | Create | Scout Cavalry |
| 18:07 | Create | Spearman |
| 18:14 | Create | Villager (Male) |
| 18:20 | Build | House |
| 18:26 | Create | Spearman |
| 18:27 | Create | Villager (Male) |
| 18:51 | Create | Spearman |
| 18:52 | Create | Scout Cavalry |
| 18:54 | Create | Villager (Male) |
| 19:04 | Build | Watch Tower |
| 19:09 | Build | House |
| 19:11 | Build | House |
| 19:13 | Build | House |
| 19:21 | Create | Villager (Male) |
| 19:26 | Create | Scout Cavalry |
| 19:38 | Create | Villager (Male) |
| 20:15 | Create | Villager (Male) |
| 20:37 | Create | Villager (Male) |
| 20:51 | Create | Scout Cavalry |
| 21:00 | Build | Farm |
| 21:00 | Build | Farm |
| 21:01 | Build | Farm |
| 21:01 | Build | Farm |
| 21:01 | Build | Farm |
| 21:01 | Build | Farm |
| 21:02 | Build | Farm |
| 21:02 | Build | Farm |
| 21:02 | Build | Farm |
| 21:14 | Build | Watch Tower |
| 21:32 | Create | Villager (Male) |
| 21:57 | Create | Villager (Male) |
Build order — 洛莉
146 actions detected in the replay
| 0:09 | Build | House |
| 0:09 | Create | Villager (Male) |
| 0:10 | Create | Villager (Male) |
| 0:11 | Build | House |
| 0:16 | Create | Villager (Male) |
| 0:16 | Create | Villager (Male) |
| 1:35 | Create | Villager (Male) |
| 1:35 | Create | Villager (Male) |
| 2:07 | Build | Settlement |
| 2:09 | Create | Villager (Male) |
| 2:10 | Create | Villager (Male) |
| 2:23 | Create | Villager (Male) |
| 2:24 | Create | Villager (Male) |
| 2:56 | Create | Villager (Male) |
| 3:21 | Create | Villager (Male) |
| 3:21 | Create | Villager (Male) |
| 3:54 | Create | Villager (Male) |
| 3:54 | Create | Villager (Male) |
| 4:45 | Create | Villager (Male) |
| 4:45 | Create | Villager (Male) |
| 4:45 | Create | Villager (Male) |
| 4:56 | Create | Villager (Male) |
| 4:56 | Create | Villager (Male) |
| 5:15 | Create | Villager (Male) |
| 5:15 | Create | Villager (Male) |
| 5:30 | Create | Villager (Male) |
| 5:30 | Create | Villager (Male) |
| 7:05 | Research | Feudal Age |
| 7:14 | Build | Barracks |
| 7:55 | Build | Settlement |
| 8:16 | Create | Villager (Male) |
| 9:15 | Age | Feudal Age |
| 9:17 | Build | Archery Range |
| 9:37 | Create | Villager (Male) |
| 9:37 | Create | Villager (Male) |
| 9:42 | Build | Archery Range |
| 10:09 | Create | Villager (Male) |
| 10:20 | Create | Archer |
| 10:25 | Research | Horse Collar |
| 10:28 | Research | Double-Bit Axe |
| 10:30 | Create | Villager (Male) |
| 10:41 | Create | Archer |
| 10:55 | Build | Settlement |
| 10:59 | Create | Villager (Male) |
| 11:01 | Create | Archer |
| 11:12 | Create | Archer |
| 11:32 | Build | Settlement |
| 11:35 | Create | Archer |
| 11:35 | Create | Archer |
| 11:37 | Create | Villager (Male) |
| 12:00 | Create | Archer |
| 12:09 | Build | Blacksmith |
| 12:13 | Create | Archer |
| 12:13 | Create | Archer |
| 12:32 | Create | Archer |
| 12:44 | Create | Villager (Male) |
| 12:47 | Create | Archer |
| 12:48 | Create | Archer |
| 12:49 | Create | Villager (Male) |
| 12:49 | Create | Villager (Male) |
| 12:49 | Create | Villager (Male) |
| 13:06 | Create | Villager (Male) |
| 13:14 | Create | Archer |
| 13:27 | Create | Archer |
| 13:28 | Create | Archer |
| 13:28 | Create | Archer |
| 13:31 | Create | Villager (Male) |
| 13:33 | Build | Settlement |
| 13:55 | Create | Archer |
| 13:56 | Create | Archer |
| 13:56 | Create | Archer |
| 14:23 | Create | Archer |
| 14:23 | Create | Archer |
| 14:29 | Create | Archer |
| 14:31 | Create | Villager (Male) |
| 14:31 | Create | Villager (Male) |
| 14:31 | Create | Villager (Male) |
| 15:00 | Build | Farm |
| 15:01 | Build | Farm |
| 15:01 | Build | Farm |
| 15:02 | Build | Farm |
| 15:04 | Research | Horse Collar |
| 15:13 | Create | Archer |
| 15:14 | Create | Archer |
| 15:14 | Create | Archer |
| 15:14 | Create | Archer |
| 15:32 | Create | Archer |
| 15:32 | Create | Villager (Male) |
| 15:33 | Create | Villager (Male) |
| 15:33 | Create | Villager (Male) |
| 15:45 | Create | Archer |
| 15:54 | Build | Farm |
| 16:12 | Create | Archer |
| 16:15 | Build | Farm |
| 16:20 | Create | Villager (Male) |
| 16:21 | Create | Villager (Male) |
| 16:38 | Create | Archer |
| 16:41 | Create | Villager (Male) |
| 16:44 | Create | Archer |
| 16:45 | Create | Archer |
| 17:09 | Create | Archer |
| 17:10 | Create | Archer |
| 17:13 | Research | Padded Archer Armor |
| 17:30 | Create | Villager (Male) |
| 17:35 | Build | Farm |
| 17:36 | Build | Farm |
| 17:50 | Create | Archer |
| 17:50 | Create | Archer |
| 17:51 | Create | Villager (Male) |
| 18:04 | Create | Archer |
| 18:04 | Create | Archer |
| 18:15 | Build | House |
| 18:15 | Build | House |
| 18:15 | Build | House |
| 18:22 | Build | Farm |
| 18:23 | Build | Farm |
| 18:26 | Build | Farm |
| 18:27 | Build | Farm |
| 18:28 | Create | Villager (Male) |
| 18:44 | Create | Archer |
| 18:45 | Create | Villager (Male) |
| 18:46 | Create | Villager (Male) |
| 19:29 | Create | Archer |
| 19:30 | Create | Archer |
| 19:34 | Create | Archer |
| 19:42 | Create | Villager (Male) |
| 19:52 | Build | Farm |
| 20:07 | Create | Archer |
| 20:08 | Create | Villager (Male) |
| 20:34 | Create | Villager (Male) |
| 21:01 | Create | Archer |
| 21:06 | Research | Castle Age |
| 21:06 | Research | Castle Age |
| 21:08 | Create | Archer |
| 21:08 | Create | Archer |
| 21:09 | Create | Archer |
| 22:05 | Create | Archer |
| 22:06 | Create | Archer |
| 22:09 | Build | Farm |
| 22:10 | Build | Farm |
| 22:10 | Build | Farm |
| 22:10 | Build | Farm |
| 22:12 | Build | Farm |
| 22:13 | Build | Farm |
| 22:14 | Build | Farm |
| 22:18 | Create | Archer |
Build order — AI(CD version)
95 actions detected in the replay
| 0:01 | Create | Villager (Male) |
| 0:01 | Create | Villager (Male) |
| 0:02 | Create | Villager (Male) |
| 0:02 | Create | Villager (Male) |
| 0:02 | Create | Villager (Male) |
| 0:03 | Build | House |
| 0:05 | Build | House |
| 1:42 | Create | Villager (Male) |
| 1:53 | Build | Lumber Camp |
| 2:11 | Create | Villager (Male) |
| 2:11 | Create | Villager (Male) |
| 2:24 | Create | Villager (Male) |
| 2:24 | Create | Villager (Male) |
| 2:51 | Create | Villager (Male) |
| 2:51 | Create | Villager (Male) |
| 3:18 | Create | Villager (Male) |
| 3:18 | Create | Villager (Male) |
| 3:35 | Build | House |
| 3:53 | Create | Villager (Male) |
| 3:54 | Create | Villager (Male) |
| 3:54 | Create | Villager (Male) |
| 4:20 | Build | Palisade Wall |
| 4:43 | Create | Villager (Male) |
| 4:43 | Create | Villager (Male) |
| 4:43 | Create | Villager (Male) |
| 5:17 | Build | Mining Camp |
| 5:29 | Create | Villager (Male) |
| 5:30 | Create | Villager (Male) |
| 6:24 | Create | Villager (Male) |
| 6:24 | Create | Villager (Male) |
| 6:53 | Research | Loom |
| 7:44 | Research | Feudal Age |
| 8:15 | Build | House |
| 8:44 | Build | Barracks |
| 8:57 | Create | Villager (Male) |
| 8:57 | Create | Villager (Male) |
| 8:58 | Create | Villager (Male) |
| 9:02 | Age | Feudal Age |
| 9:45 | Build | Archery Range |
| 9:55 | Create | Villager (Male) |
| 9:55 | Create | Villager (Male) |
| 9:55 | Create | Villager (Male) |
| 10:00 | Build | House |
| 10:51 | Build | House |
| 11:11 | Create | Villager (Male) |
| 11:11 | Create | Villager (Male) |
| 11:26 | Create | Spearman |
| 11:54 | Create | Villager (Male) |
| 11:54 | Create | Villager (Male) |
| 11:55 | Create | Villager (Male) |
| 12:10 | Create | Archer ×4 |
| 12:40 | Create | Villager (Male) |
| 12:45 | Create | Archer |
| 13:03 | Create | Villager (Male) |
| 13:03 | Create | Villager (Male) |
| 13:04 | Create | Villager (Male) |
| 13:12 | Create | Skirmisher |
| 13:48 | Build | Mill |
| 15:11 | Build | Farm |
| 15:12 | Build | Farm |
| 15:13 | Build | Farm |
| 15:15 | Build | Farm |
| 15:36 | Build | Palisade Wall |
| 15:38 | Build | Palisade Wall |
| 15:46 | Create | Villager (Male) |
| 15:46 | Create | Villager (Male) |
| 15:47 | Create | Villager (Male) |
| 16:06 | Build | Palisade Wall |
| 16:34 | Create | Villager (Male) |
| 16:42 | Build | Farm |
| 16:42 | Build | Farm |
| 16:43 | Build | Farm |
| 16:47 | Build | Farm |
| 17:02 | Build | Blacksmith |
| 17:06 | Create | Villager (Male) |
| 17:06 | Create | Villager (Male) |
| 17:06 | Create | Villager (Male) |
| 17:13 | Create | Skirmisher |
| 17:13 | Create | Skirmisher |
| 18:02 | Research | Padded Archer Armor |
| 18:12 | Build | Palisade Wall |
| 18:16 | Build | Palisade Wall |
| 18:24 | Create | Villager (Male) |
| 18:24 | Create | Villager (Male) |
| 18:39 | Create | Villager (Male) |
| 18:44 | Create | Villager (Male) |
| 18:44 | Create | Villager (Male) |
| 18:44 | Create | Villager (Male) |
| 19:05 | Build | House |
| 19:23 | Build | Mining Camp |
| 20:23 | Create | Villager (Male) |
| 20:35 | Create | Villager (Male) |
| 20:35 | Create | Villager (Male) |
| 20:36 | Create | Villager (Male) |
| 20:52 | Create | Villager (Male) |
Match timeline
| 4:20 | AI(CD version) · wall_segment Palisade Wall x4 |
| 6:20 | mode maelle · wall_segment Palisade Wall x20 |
| 6:25 | TomRiddle · wall_segment Palisade Wall x1 |
| 6:26 | TomRiddle · wall_segment Palisade Wall x1 |
| 6:28 | TomRiddle · wall_segment Palisade Wall x1 |
| 7:14 | Gladiator · first_building Barracks |
| 7:14 | 洛莉 · first_building Barracks |
| 7:40 | Patching85 · wall_segment Palisade Wall x1 |
| 7:42 | Patching85 · wall_segment Palisade Wall x1 |
| 7:45 | Patching85 · wall_segment Palisade Wall x1 |
| 7:46 | Patching85 · wall_segment Palisade Wall x1 |
| 8:05 | Patching85 · first_building Barracks |
| 8:06 | titumir · first_building Barracks |
| 8:19 | mode maelle · wall_segment Palisade Wall x19 |
| 8:32 | TomRiddle · first_building Barracks |
| 8:37 | Gladiator · wall_segment Palisade Wall x1 |
| 8:39 | mode maelle · wall_segment Palisade Wall x10 |
| 8:44 | AI(CD version) · first_building Barracks |
| 8:51 | Patching85 · age_up feudal |
| 9:02 | AI(CD version) · age_up feudal |
| 9:10 | Patching85 · first_building Stable |
| 9:15 | 洛莉 · age_up feudal |
| 9:17 | 洛莉 · first_building Archery Range |
| 9:24 | mode maelle · wall_segment Palisade Wall x6 |
| 9:36 | TomRiddle · age_up feudal |
| 9:44 | mode maelle · wall_segment Palisade Wall x4 |
| 9:45 | AI(CD version) · first_building Archery Range |
| 9:47 | titumir · age_up feudal |
| 9:56 | titumir · first_building Stable |
| 10:06 | 只会种田 · age_up feudal |
| 10:15 | mode maelle · wall_segment Palisade Wall x21 |
| 10:23 | Gladiator · age_up feudal |
| 10:24 | TomRiddle · first_building Archery Range |
| 10:29 | Gladiator · first_building Stable |
| 10:31 | Gladiator · wall_segment Palisade Wall x1 |
| 10:40 | mode maelle · wall_segment Palisade Wall x13 |
| 10:47 | mode maelle · wall_segment Palisade Wall x22 |
| 11:26 | Gladiator · wall_segment Palisade Wall x10 |
| 12:01 | TomRiddle · wall_segment Palisade Wall x10 |
| 12:11 | TomRiddle · wall_segment Palisade Wall x11 |
| 12:12 | TomRiddle · wall_segment Palisade Wall x5 |
| 12:16 | Gladiator · wall_segment Palisade Wall x9 |
| 12:21 | mode maelle · age_up feudal |
| 12:40 | mode maelle · wall_segment Palisade Wall x1 |
| 12:42 | mode maelle · wall_segment Palisade Wall x22 |
| 12:51 | mode maelle · wall_segment Palisade Wall x2 |
| 13:05 | TomRiddle · wall_segment Palisade Wall x1 |
| 13:47 | mode maelle · wall_segment Stone Wall x1 |
| 13:53 | mode maelle · wall_segment Stone Wall x2 |
| 13:55 | mode maelle · wall_segment Stone Wall x1 |
| 13:58 | mode maelle · wall_segment Stone Wall x1 |
| 14:17 | mode maelle · wall_segment Stone Wall x1 |
| 14:25 | 只会种田 · first_market_buy 100 food |
| 15:04 | 只会种田 · first_building Barracks |
| 15:36 | AI(CD version) · wall_segment Palisade Wall x14 |
| 15:38 | AI(CD version) · wall_segment Palisade Wall x5 |
| 15:54 | 只会种田 · first_building Archery Range |
| 16:06 | AI(CD version) · wall_segment Palisade Wall x2 |
| 17:22 | 只会种田 · age_up castle |
| 17:48 | TomRiddle · wall_segment Palisade Wall x5 |
| 17:51 | TomRiddle · wall_segment Palisade Wall x8 |
| 17:53 | TomRiddle · wall_segment Palisade Wall x1 |
| 18:12 | AI(CD version) · wall_segment Palisade Wall x4 |
| 18:16 | AI(CD version) · wall_segment Palisade Wall x5 |
| 19:04 | TomRiddle · first_market_buy 100 food |
| 19:07 | TomRiddle · first_market_sell 100 stone |
| 19:39 | mode maelle · first_market_buy 100 food |
| 19:39 | mode maelle · first_market_sell 100 wood |
| 21:53 | TomRiddle · age_up castle |
| 22:11 | titumir · resign |
[ AI ANALYSIS · 1 CREDIT ]
What really happened in this match?
Wolo.gg analyzes every decision: build order, eco, micro, common mistakes by bracket. Personalized analysis on WhatsApp or Discord in 30 seconds.
Civ guide
Jurchens
Perfil
Jugador #4632566